 Dungeon Crawl Stone Soup version 0.29.0-11-gd7f09526c8 (webtiles) character file.

Game seed: 2192851010856834246

163 sanka the Vexing (level 5, -4/40 HPs)
             Began as a Demigod Arcane Marksman on Sept 5, 2022.
             Slain by a bullfrog (6 damage)
             ... in a sewer.
             The game lasted 00:04:53 (1867 turns).

sanka the Vexing (Demigod Arcane Marksman)          Turns: 1867, Time: 00:04:54

Health: -4/40      AC:  5    Str: 10 (11) XL:     5   Next: 0%
Magic:  9/12       EV:  9    Int: 17 (19) God:
Gold:   137        SH:  0    Dex: 14      Spells: 6/10 levels left

rFire   . . .      SeeInvis .   a - +1 sling
rCold   . . .      Faith    .   (no shield)
rNeg    . . .      Spirit   .   c - +0 robe
rPois   .          Reflect  .   g - +2 helmet
rElec   .          Harm     .   (no cloak)
rCorr   .          Rampage  .   (no gloves)
Will    .....                   (no boots)
Stlth   +.........              n - amulet of regeneration
HPRegen 0.93/turn               (no ring)
MPRegen 0.13/turn               (no ring)

@: constricted, very slow
A: high MP 1, forlorn, divine attributes
a: no special abilities


You were in a sewer.
You visited 1 branch of the dungeon, and saw 3 of its levels.
You also visited: Sewer.

You collected 137 gold pieces.


Innate Abilities, Weirdness & Mutations

You have an increased reservoir of magic. (+10% MP)
You shall have no god before yourself.
Your divine heritage dramatically boosts your attributes as you level up.


   Skills:
 - Level 1.3 Fighting
 - Level 2.0 Ranged Weapons
 - Level 2.1 Dodging
 - Level 3.0 Spellcasting
 - Level 3.0 Hexes
 * Level 2.2 Ice Magic


You had 6 spell levels left.
You knew the following spells:

 Your Spells              Type           Power      Damage    Failure   Level
y - Frozen Ramparts       Ice            20%        1d4       21%         3
z - Slow                  Hex            48%        N/A       4%          1

Your spell library contained the following spells:

 Spells                   Type           Power      Damage    Failure   Level
 Summon Small Mammal      Summ           8%         N/A       17%         1
 Inner Flame              Hex/Fire       7%         N/A       28%         3
 Portal Projectile        Hex/Tloc       14%        N/A       28%         3
 Summon Guardian Golem    Hex/Summ       7%         N/A       28%         3
 Call Canine Familiar     Summ           2%         N/A       45%         3
 Cause Fear               Hex            6%         N/A       45%         4
 Ice Form                 Ice/Tmut       6%         N/A       73%         4
 Summon Ice Beast         Ice/Summ       6%         N/A       73%         4

Inventory:

Hand Weapons
 a - a +1 sling (weapon)
Armour
 c - a +0 robe (worn)
 g - a +2 helmet (worn)
 i - a +2 cloak
Jewellery
 f - an amulet of guardian spirit
 n - an amulet of regeneration (around neck)
Scrolls
 b - a scroll of poison {!r}
 e - 3 scrolls of identify {unknown}
 h - a scroll of teleportation {unknown}
 j - a scroll of vulnerability {unknown}
 k - 2 scrolls of fear {unknown}
 m - a scroll of butterflies {unknown}
 o - a scroll of magic mapping {unknown}
Potions
 d - a potion of magic {unknown}
 l - a potion of might
 p - a potion of mutation {unknown}
 q - a potion of brilliance {unknown}

Dungeon Overview and Level Annotations

Branches:
Dungeon (3/15)              Sewer (1/1)

▒▒▒▒▒▒▒▒▒▒▒▒▒▒▒▒▒▒▒
S▒≈~≈≈≈~≈S~~≈≈≈~≈▒.▒▒▒
..≈≈~≈≈~†Fp▒≈~~≈≈....▒▒
..~≈~~~▒≈F▒~~~~~~.....▒
S.≈~~S≈≈≈≈~≈~~~~~.....▒
..≈≈≈≈~≈≈≈≈≈~~~≈~.....▒▒
.▒~≈≈≈≈≈≈≈≈≈≈≈≈≈~▒.....▒
▒▒▒▒▒▒▒▒▒▒▒▒▒▒▒▒▒▒....▒
▒▒▒▒...▒▒ ▒..▒....▒
▒..'....▒


You could see 2 bullfrogs and 2 ball pythons.


Message History

The sling bullet closely misses the ball python.
The bullfrog barely misses you. The bullfrog hits you.
The ball python barely misses you. The ball python constricts you.
The bullfrog hits you.
Unknown command.
You shoot a sling bullet. The sling bullet hits the ball python.
You kill the ball python!
The bullfrog hits you. The bullfrog barely misses you.
The ball python misses you. The ball python barely misses you.
The bullfrog hits you.
* * * LOW HITPOINT WARNING * * *
The bullfrog hits you!
* * * LOW HITPOINT WARNING * * *
You have reached level 5!
You shoot a sling bullet.
The sling bullet closely misses the bullfrog.
The bullfrog hits you but does no damage.
The ball python bites you.
* * * LOW HITPOINT WARNING * * *
The ball python grabs you. The ball python constricts you.
The bullfrog hits you.
* * * LOW HITPOINT WARNING * * *
The bullfrog hits you.
You die...

Action                   |  1- 3 |  4- 6 || total
-------------------------+-------+-------++-------
Melee: Unarmed           |     2 |    13 ||    15
 Fire: Sling             |   124 |    76 ||   200
 Cast: Slow              |    12 |       ||    12
       Frozen Ramparts   |     1 |     2 ||     3
  Use: Potion            |     3 |     2 ||     5
Armor: Robe              |    43 |    22 ||    65
       Skin              |       |    26 ||    26
Dodge: Dodged            |    75 |    62 ||   137

Levels and vault maps discovered:
D:1:      minmay_arrival_doors, layout_rooms
D:2:      layout_loops_corners
D:3:      layout_loops_cross, gup_sewer_entry_glass
Sewer:    sewer_minmay_w

Notes
Turn   | Place    | Note
-------+----------+-------------------------------------------
     0 | D:1      | sanka the Demigod Arcane Marksman began the quest for the
                  | Orb.
     0 | D:1      | Reached XP level 1. HP: 15/15 MP: 4/4
    87 | D:1      | Reached skill level 2 in Ranged Weapons
   217 | D:1      | Reached skill level 3 in Hexes
   224 | D:1      | Reached skill level 1 in Fighting
   272 | D:1      | Reached XP level 2. HP: 23/23 MP: 5/5
   277 | D:1      | Reached skill level 2 in Dodging
  1286 | D:3      | Found a glowing drain.
  1302 | D:3      | Reached XP level 3. HP: 28/28 MP: 5/8
  1305 | D:3      | Reached skill level 2 in Spellcasting
  1328 | D:3      | Learned a level 3 spell: Frozen Ramparts
  1344 | Sewer    | Entered a sewer
  1573 | Sewer    | Reached skill level 1 in Ice Magic
  1573 | Sewer    | Reached XP level 4. HP: 8/35 MP: 0/10
  1575 | Sewer    | HP: 3/35 [ball python (1)]
  1575 | Sewer    | HP: 1/35 [constriction (1)]
  1580 | Sewer    | HP: 1/52 [poisoned by an adder]
  1710 | Sewer    | Identified the +0 chain mail of the Kettle-Drum {rN+}
  1770 | Sewer    | Reached skill level 2 in Ice Magic
  1777 | Sewer    | Reached skill level 3 in Spellcasting
  1858 | Sewer    | Noticed a bullfrog
  1863 | Sewer    | Noticed a bullfrog
  1867 | Sewer    | Reached XP level 5. HP: 7/40 MP: 9/12
  1867 | Sewer    | HP: 2/40 [bullfrog (5)]
  1867 | Sewer    | Slain by a bullfrog

Vanquished Creatures
  10 adders
  2 river rats (Sewer)
  15 ball pythons
  5 endoplasms
  A giant cockroach (D:3)
  2 goblins
  3 hobgoblins
  3 quokkas
  2 frilled lizards
  2 kobolds (D:2)
  23 rats
68 creatures vanquished.
